 Dungeon Crawl Stone Soup version 0.30-a0-223-gcb0039aa0c (webtiles) character file.

Game seed: 10105142592142343683

42 qw the Chopper (level 3, 0/23 HPs)
             Began as a Gargoyle Fighter on Oct 9, 2022.
             Slain by Sigmund
             ... wielding a +2 scythe of protection
              (9 damage)
             ... on level 2 of the Dungeon.
             The game lasted 00:00:25 (1049 turns).

qw the Chopper (Gargoyle Fighter)                   Turns: 1049, Time: 00:00:26

Health: 0/23       AC: 11    Str: 21    XL:     3   Next: 54%
Magic:  3/3        EV:  9    Int:  8    God:
Gold:   53         SH:  0    Dex:  9    Spells: 2/2 levels left

rFire   . . .      SeeInvis .    Y - +0 war axe
rCold   . . .      Faith    .    c - +0 buckler
rNeg    + . .      Spirit   .    b - +0 scale mail
rPois   inf        Reflect  .    e - +0 helmet
rElec   +          Harm     .    (no cloak)
rCorr   .          Rampage  .    (no gloves)
Will    .....                    (no boots)
Stlth   ..........               (no amulet)
HPRegen 0.23/turn                (no ring)
MPRegen 0.08/turn                (no ring)

@: confused
A: sickness immunity, AC +3, negative energy resistance 1, electricity
resistance, torment resistance 1, petrification resistance
a: no special abilities


You were on level 2 of the Dungeon.
You visited 1 branch of the dungeon, and saw 2 of its levels.

You collected 53 gold pieces.


Innate Abilities, Weirdness & Mutations

You are immune to sickness and miasma.
Your stone body is resilient. (AC +3)
You are immune to poison.
You resist negative energy. (rN+)
You are resistant to electric shocks. (rElec)
You are resistant to unholy torment.
You are immune to petrification.


   Skills:
 - Level 3.2 Fighting
 + Level 3.4 Axes
 - Level 3.2 Armour
 - Level 3.2 Shields


You had 2 spell levels left.
You didn't know any spells.
Your spell library was empty.

Inventory:

Hand Weapons
 Y - a +0 war axe (weapon)
Armour
 b - a +0 scale mail (worn)
 c - a +0 buckler (worn)
 e - a +0 helmet (worn)
Scrolls
 a - 4 scrolls of identify
 i - a scroll of noise {unknown}
Potions
 d - 2 potions of might
 f - a potion of curing {unknown}
 g - a potion of invisibility {unknown}
 h - a potion of attraction {unknown}
 j - 2 potions of flight {unknown}

Dungeon Overview and Level Annotations

Branches:
Dungeon (2/15)

Altars:

Annotations:
D:2 Sigmund


Message History

You barely miss the goblin. The goblin barely misses you.
The goblin hits you but does no damage.
You hit the goblin.
You kill the goblin!
There is an open door here.
You see here a +0 dagger.
j - 2 black potions (gained 1)
Found a ring mail.
Sigmund and a bat come into view.
Sigmund is wielding a +2 scythe of protection.
Sigmund shouts!
The bat hits you. Sigmund barely misses you.
You slash the bat!
You kill the bat!
Sigmund points at you and mumbles some strange words.
You resist with significant effort.
Sigmund hits you with a +2 scythe of protection.
You slash Sigmund!
Sigmund is moderately wounded.
You block Sigmund's attack.
You hit Sigmund.
Sigmund is heavily wounded.
Sigmund breathes a few words.
Sigmund's hands start flickering wildly.
Sigmund hits you but does no damage.
You closely miss Sigmund.
Sigmund is heavily wounded.
You barely miss Sigmund.
Sigmund is heavily wounded.
Sigmund is suddenly surrounded by pale blue light.
Sigmund hits you with a +2 scythe of protection.
You barely miss Sigmund.
Sigmund is heavily wounded.
Sigmund points at you and mumbles some strange words.
The puff of flame hits you. Sigmund casts a spell at you.
You are confused.
You bump into the rock wall.
Sigmund hits you with a +2 scythe of protection!
You die...

#.. .# #.##.## #####.....##
#..........# #....$.....#
#...[......# ##### #....%.....#
##...######.....@@...#
.............#.#######
##...#########.####
.....).......#....#
.#...###.###.####.###############
.#.###....##.##.....)............
.#.#...#..##..#...###.....#######
%..#.###..###..######.....##.....
...#......................##.....


You could see Sigmund.

Vanquished Creatures
  2 adders (D:2)
  A worm (D:2)
  6 bats
  3 goblins
  A hobgoblin (D:1)
  2 kobolds (D:2)
  2 quokkas
  3 ball pythons
  A rat (D:2)
21 creatures vanquished.

Notes
Turn   | Place    | Note
-------+----------+-------------------------------------------
     0 | D:1      | qw the Gargoyle Fighter began the quest for the Orb.
     0 | D:1      | Reached XP level 1. HP: 14/14 MP: 1/1
     0 | D:1      | 0 ||| qw: Version: 0.2-a-17-g06abaee
     0 | D:1      | 0 ||| qw: Game counter: 2253
     0 | D:1      | 0 ||| qw: Always use a shield: true
     0 | D:1      | 0 ||| qw: God list: Okawaru
     0 | D:1      | 0 ||| qw: Allow faded altars: false
     0 | D:1      | 0 ||| qw: Do Orc after D:15 true
     0 | D:1      | 0 ||| qw: Do second Lair branch before Depths: true
     0 | D:1      | 0 ||| qw: Lair rune preference: random
     0 | D:1      | 0 ||| qw: Plans: Normal, Zot:1-4, God:TSO, Crypt, Tomb,
                  | Pan, Slime:5, Hells, Abyss, Orb
     0 | D:1      | 0 ||| PLANNING D:1-11
   175 | D:1      | Reached XP level 2. HP: 19/19 MP: 2/2
   491 | D:1      | 491 ||| UPGRADING to +0 helmet.
   496 | D:1      | 496 ||| READING 2 scrolls labelled PUIHYZYEZY.
   497 | D:1      | 497 ||| READING 2 scrolls labelled TENEFEXUAK.
   498 | D:1      | 498 ||| READING scroll labelled AQIPIC RICUDA.
   499 | D:1      | 499 ||| DROPPING scroll of vulnerability.
   553 | D:2      | Reached skill level 3 in Axes
   581 | D:2      | Reached XP level 3. HP: 20/23 MP: 3/3
   967 | D:2      | Found a faded altar of an unknown god.
  1040 | D:2      | Noticed Sigmund
  1049 | D:2      | Slain by Sigmund

Levels and vault maps discovered:
D:1:      amcnicky_arrival_feature_with_door, layout_rooms,
          dreamdust_mushroom_princess, hangedman_decor_points
D:2:      layout_basic, ebering_ecumenical_altar_rust, uniq_sigmund

Skill      XL: |  1  2 |
---------------+-------+-----
Axes           | 2 3 |  3.4
Fighting       | |  3.2
Armour         | |  3.2
Shields        | |  3.2

Action                   || total
-------------------------++-------
Melee: War axe           ||    91
  Use: Scroll            ||     3
Armor: Scale mail        ||    50
Dodge: Dodged            ||    37
Block: Buckler           ||    20

Table legend:
 A = Non-vault XP
 B = Vault XP
 C = Vault XP percentage of total XP
 D = Non-vault monster count
 E = Vault monster count
 F = Vault count percentage of total count
                 A         B        C        D         E       F
            +---------+---------+-------+---------+---------+-------
      Total |      60 |       0 |   0.0 |      21 |       0 |   0.0
            +---------+---------+-------+---------+---------+-------
        D:1 |      14 |       0 |   0.0 |       8 |       0 |   0.0
        D:2 |      46 |       0 |   0.0 |      13 |       0 |   0.0
            +---------+---------+-------+---------+---------+-------
